 Dungeon Crawl Stone Soup version 0.26-a0-812-g31a745ddcd (webtiles) character file.

Game seed: 5718309030700790324

25198 tognito the Executioner (level 12, -7/90 HPs)
             Began as a Minotaur Berserker on Nov 22, 2020.
             Was the Champion of Trog.
             Mangled by Rupert
             ... wielding a +2 great sword of electrocution
              (36 damage)
             ... on level 13 of the Dungeon on Nov 23, 2020.
             The game lasted 00:33:21 (13126 turns).

tognito the Executioner (Minotaur Berserker)       Turns: 13126, Time: 00:33:22

Health: -7/90      AC: 19    Str: 34    XL:     12   Next: 87%
Magic:  11/11      EV:  9    Int:  4    God:    Trog [******]
Gold:   889        SH:  5    Dex: 15    Spells: 11/11 levels left

rFire    . . .     SeeInvis .   a - +5 executioner's axe (vorpal)
rCold    + . .     Faith    .   (shield currently unavailable)
rNeg     . . .     Spirit   .   v - +0 plate armour
rPois    .         Reflect  +   (helmet restricted)
rElec    .         Harm     .   o - +1 cloak
rCorr    .         Rampage  .   j - +0 pair of gloves
MR       .....                  y - +2 pair of boots
Stlth    ..........             z - amulet of reflection
HPRegen  0.25/turn              r - +6 ring of strength
MPRegen  0.12/turn              A - +6 ring of dexterity

@: berserk cooldown, slowed, very slow
A: retaliatory headbutt, horns 2, blink, blurry vision 1, cold resistance 1,
sense surroundings 1
a: Blink, Berserk, Trog's Hand, Brothers in Arms, Renounce Religion


You were on level 13 of the Dungeon.
You worshipped Trog.
Trog was exalted by your worship.
You visited 1 branch of the dungeon, and saw 13 of its levels.

You collected 889 gold pieces.

Inventory:

Hand Weapons
 a - a +5 vorpal executioner's axe (weapon)
Missiles
 d - 14 boomerangs
 p - 24 poisoned darts (quivered)
 w - 50 bolts
Armour
 j - a +0 pair of gloves (worn)
 o - a +1 cloak (worn)
 v - a +0 plate armour (worn)
 y - a +2 pair of boots (worn)
Jewellery
 f - an uncursed ring of fire
 r - a +6 ring of strength (left hand)
 x - an uncursed amulet of faith
 z - an amulet of reflection (around neck)
 A - a +6 ring of dexterity (right hand)
 F - an uncursed ring of protection from fire
Wands
 e - a wand of iceblast (8)
 s - a wand of flame (10)
 t - a wand of digging (6)
 H - a wand of paralysis (5)
Scrolls
 b - 4 scrolls of remove curse
 c - 3 scrolls of fear
 i - a scroll of enchant weapon
 k - a scroll of blinking
 l - 6 scrolls of enchant armour
 m - 8 scrolls of teleportation
 C - 4 scrolls of identify
 E - a scroll of magic mapping
Potions
 g - 2 potions of curing
 n - a potion of flight
 q - 4 potions of haste
 u - 3 potions of cancellation
 B - 2 potions of heal wounds


   Skills:
 - Level 3.6 Fighting
 * Level 22.5 Axes
 + Level 6.3 Armour
 + Level 2.5 Dodging


You had 11 spell levels left.
You didn't know any spells.
Your spell library was empty.

Dungeon Overview and Level Annotations

Branches:
Dungeon (13/15)            Temple (0/1) D:7            Lair (0/6) D:11
    Orc (0/2) D:12
 Vaults: D:13-14

Altars:
Cheibriados
Dithmenos
Fedhas
Gozag
Hepliaklqana
Kikubaaqudgha
Okawaru
Trog
Wu Jian
Yredelemnul

Shops:
D:2 *   D:6 *   D:9 *   D:10 :

Annotations:
D:8 1 runed translucent door, Blackmass's ghost, journeyman OpTm
D:13 Rupert


Innate Abilities, Weirdness & Mutations

You reflexively headbutt those who attack you in melee.
You have a pair of horns on your head.
You can translocate small distances at will.
Scrolls take you a little longer to read.
Your flesh is cold resistant. (rC+)
You passively map a small area around you.


Message History

You see here 2 large rocks.
You see here the human corpse of Kirke.
You feel your anger nearly subside.
You are no longer berserk.
You are exhausted.
You feel yourself slow down.
C - 4 scrolls of identify (gained 1)
Things that are here:
a +1 scimitar of flaming; a hog corpse You see here a large rock.
Rupert the Wild comes into view.
He is wielding a +2 great sword of electrocution and wearing a +1 leather armour of cold resistance.
You see here a large rock.
Rupert is nearby!
Your plate armour prevents you from hitting Rupert.
Rupert roars madly and goes into a rage!
Rupert goes berserk!
You hit Rupert. Your headbutt misses Rupert.
Rupert is lightly wounded.
Rupert hits you with a +2 great sword of electrocution!
Rupert hits you with a +2 great sword of electrocution!!!
You die...

. #(##.@..... , ...
*#.†).# , , , ,
....##..#.#* , , ,
*?.......(..# , ,
#..#####...## , , ,
....#####.#.# ** ,
,.#....##...#(## ,,
,,..#......##.@#########
. ........##..@........
.#####......##.......####
, .....................#
<>.(........##.......#
............##.......#
.................#####
...............### * ,,
....)..(.).....#
....))))(!..#..#


You could see Rupert (berserk).

Vanquished Creatures
  Azrael (D:13)
  Harold (D:7)
  A boulder beetle (D:10)
  8 two-headed ogres
  A death knight (D:12)
  Pikel (D:7)
  A deep elf mage (D:12)
  2 cyclopes
  A manticore (D:12)
  A gargoyle (D:13)
  A komodo dragon (D:12)
  2 freezing wraiths (D:12)
  3 trolls
  A hornet (D:10)
  4 slime creatures (D:12)
  Sigmund (D:4)
  4 shadows
  11 yaks
  A vampire (D:13)
  4 wraiths
  2 fire elementals (D:13)
  2 hogs (D:13)
  Edmund (D:4)
  Menkaure (D:4)
  The ghost of Blackmass the Stinger, an amateur OpTm of Lugonu (D:5)
  A water moccasin (D:11)
  A soldier ant (D:10)
  A hell hound (D:13)
  3 ice beasts
  2 orc warriors
  A black bear (D:7)
  2 phantoms (D:7)
  6 ogres
  A sky beast (D:5)
  4 wolves (D:11)
  10 centaurs
  A necrophage (D:9)
  A lemure (D:7)
  2 big kobolds (D:10)
  4 bullfrogs
  A wyvern zombie (D:10)
  4 scorpions
  A hornet simulacrum (D:5)
  16 wights
  An electric eel (D:6)
  A howler monkey (D:13)
  2 jellies
  5 centaur zombies
  7 hounds
  12 orc wizards
  Crazy Yiuf (D:2)
  6 orc priests
  A gnoll shaman (D:7)
  A bullfrog skeleton (D:4)
  Natasha (thrice) (D:2)
  3 iguanas
  13 worker ants
  A centaur simulacrum (D:5)
  3 hound skeletons
  Robin (D:2)
  9 gnolls
  13 adders
  A hound simulacrum (D:5)
  2 shadow imps
  6 white imps
  5 ufetubi
  An ooze (D:5)
  An adder zombie (D:9)
  4 adder skeletons
  2 worms
  A dart slug (D:5)
  2 leopard geckos
  47 orcs
  8 giant cockroaches
  2 gnoll zombies (D:4)
  16 goblins
  11 hobgoblins
  5 jackals
  2 quokkas
  A ball python (D:5)
  6 bats
  7 frilled lizards
  A jackal zombie (D:5)
  23 kobolds
  A leopard gecko skeleton (D:4)
  16 rats
373 creatures vanquished.

Vanquished Creatures (collateral kills)
  A catoblepas (D:13)
  A two-headed ogre (D:13)
2 creatures vanquished.

Vanquished Creatures (others)
  Kirke (D:13)
  A hog (D:13)
  A leopard gecko (D:6)
  2 goblins (D:2)
  14 plants
19 creatures vanquished.

Grand Total: 394 creatures vanquished

Notes
Turn   | Place    | Note
-------+----------+-------------------------------------------
     0 | D:1      | tognito the Minotaur Berserker began the quest for the Orb.
     0 | D:1      | Reached XP level 1. HP: 19/19 MP: 0/0
    23 | D:1      | Reached skill level 4 in Axes
   115 | D:1      | Reached XP level 2. HP: 19/26 MP: 1/1
   694 | D:1      | Reached ** piety under Trog
  1063 | D:1      | Reached skill level 5 in Axes
  1128 | D:1      | Reached XP level 3. HP: 25/31 MP: 2/2
  1214 | D:1      | Gained mutation: You can translocate small distances at
                  | will. [potion of mutation]
  1214 | D:1      | Gained mutation: Scrolls take you a little longer to read.
                  | [potion of mutation]
  1214 | D:1      | Gained mutation: Your flesh is cold resistant. (rC+)
                  | [potion of mutation]
  1214 | D:1      | Gained mutation: You passively map a small area around you.
                  | [potion of mutation]
  1914 | D:2      | Noticed Natasha
  1917 | D:2      | Killed Natasha
  1917 | D:2      | Reached skill level 6 in Axes
  1917 | D:2      | Reached XP level 4. HP: 39/39 MP: 3/3
  1978 | D:2      | Found Gozag's Platinum Reserve.
  2037 | D:2      | Noticed Robin
  2042 | D:2      | Killed Robin
  2240 | D:2      | Noticed Natasha
  2250 | D:2      | Killed Natasha
  2261 | D:2      | Reached skill level 7 in Axes
  2261 | D:2      | Reached XP level 5. HP: 31/45 MP: 4/4
  2261 | D:2      | Reached *** piety under Trog
  2471 | D:2      | Found a runed translucent door.
  2472 | D:2      | Noticed Crazy Yiuf
  2481 | D:2      | Killed Crazy Yiuf
  2564 | D:2      | Found an opulent altar of Gozag.
  2696 | D:2      | Noticed Natasha
  2701 | D:2      | Killed Natasha
  2810 | D:3      | Reached skill level 8 in Axes
  2850 | D:3      | Found a snail-covered altar of Cheibriados.
  2863 | D:3      | Reached XP level 6. HP: 50/51 MP: 5/5
  3464 | D:4      | Reached skill level 9 in Axes
  3506 | D:4      | Found an iron altar of Okawaru.
  3600 | D:4      | Noticed Edmund
  3612 | D:4      | Killed Edmund
  3612 | D:4      | Reached XP level 7. HP: 16/57 MP: 6/6
  3884 | D:4      | Reached skill level 10 in Axes
  4120 | D:4      | Noticed Menkaure
  4120 | D:4      | Noticed Sigmund
  4130 | D:4      | Killed Menkaure
  4131 | D:4      | Killed Sigmund
  4131 | D:4      | Reached skill level 11 in Axes
  4384 | D:4      | Reached **** piety under Trog
  4559 | D:4      | Found a basalt altar of Yredelemnul.
  4894 | D:5      | Entered Level 5 of the Dungeon
  4900 | D:5      | Reached XP level 8. HP: 43/64 MP: 7/7
  4915 | D:5      | Found a runed translucent gate.
  4915 | D:5      | Found a runed translucent gate.
  4923 | D:5      | Found a runed translucent gate.
  5181 | D:5      | Reached skill level 12 in Axes
  5528 | D:5      | Noticed Blackmass's ghost (amateur OpTm)
  5623 | D:5      | Found an ancient bone altar of Kikubaaqudgha.
  5842 | D:5      | Reached skill level 13 in Axes
  5875 | D:5      | Killed Blackmass's ghost
  6050 | D:6      | Found Tyenlis's Assorted Antiques.
  6206 | D:6      | Reached XP level 9. HP: 68/70 MP: 8/8
  6631 | D:6      | Reached skill level 14 in Axes
  6999 | D:7      | Found a staircase to the Ecumenical Temple.
  6999 | D:7      | Noticed Pikel
  7011 | D:7      | Killed Pikel
  7011 | D:7      | Reached skill level 15 in Axes
  7338 | D:7      | Found a blossoming altar of Fedhas.
  7390 | D:7      | Noticed Harold
  7410 | D:7      | Killed Harold
  7410 | D:7      | Reached skill level 16 in Axes
  7410 | D:7      | Reached XP level 10. HP: 56/77 MP: 9/9
  7617 | D:8      | Noticed a two-headed ogre
  7625 | D:8      | Killed a two-headed ogre
  7681 | D:8      | Reached skill level 17 in Axes
  7747 | D:8      | Found a runed translucent door.
  7747 | D:8      | Noticed Blackmass's ghost (journeyman OpTm)
  7781 | D:8      | Found a bloodstained altar of Trog.
  7833 | D:8      | Found an ornate altar of the Wu Jian Council.
  7886 | D:8      | Found a shadowy altar of Dithmenos.
  8025 | D:8      | Found a hazy altar of Hepliaklqana.
  8043 | D:8      | Noticed a two-headed ogre
  8053 | D:8      | Killed a two-headed ogre
  8275 | D:9      | Noticed a two-headed ogre
  8284 | D:9      | Killed a two-headed ogre
  8284 | D:9      | Reached skill level 18 in Axes
  8288 | D:9      | Found Veteteg's General Store.
  8310 | D:9      | Noticed a two-headed ogre
  8325 | D:9      | Killed a two-headed ogre
  8764 | D:9      | Noticed a cyclops
  8777 | D:9      | Killed a cyclops
  9150 | D:10     | Entered Level 10 of the Dungeon
  9160 | D:10     | Reached XP level 11. HP: 82/82 MP: 10/10
  9173 | D:10     | Reached ***** piety under Trog
  9221 | D:10     | Found Gyutymyiff's Book Boutique.
  9467 | D:10     | Noticed a boulder beetle
  9490 | D:10     | Killed a boulder beetle
  9490 | D:10     | Reached skill level 19 in Axes
 10314 | D:10     | Noticed a two-headed ogre
 10321 | D:10     | Killed a two-headed ogre
 10647 | D:11     | Reached skill level 20 in Axes
 11050 | D:11     | Found a staircase to the Lair.
 11437 | D:12     | Found a staircase to the Orcish Mines.
 11511 | D:12     | Noticed a death knight
 11519 | D:12     | Killed a death knight
 11744 | D:12     | Noticed a two-headed ogre
 11754 | D:12     | Killed a two-headed ogre
 11754 | D:12     | Reached skill level 21 in Axes
 11754 | D:12     | Reached XP level 12. HP: 47/90 MP: 11/11
 12110 | D:12     | Reached ****** piety under Trog
 12863 | D:13     | Noticed a two-headed ogre
 12870 | D:13     | Killed a two-headed ogre
 12877 | D:13     | Reached skill level 5 in Armour
 12881 | D:13     | Received a gift from Trog
 12904 | D:13     | Noticed a two-headed ogre
 12910 | D:13     | Killed a two-headed ogre
 12910 | D:13     | Reached skill level 22 in Axes
 12943 | D:13     | Noticed a two-headed ogre
 12950 | D:13     | Killed a two-headed ogre
 12952 | D:13     | Noticed a catoblepas
 12960 | D:13     | Killed a catoblepas
 13093 | D:13     | Noticed Kirke
 13094 | D:13     | Noticed Azrael
 13101 | D:13     | Killed Azrael
 13108 | D:13     | Killed Kirke
 13118 | D:13     | Noticed Rupert
 13126 | D:13     | Mangled by Rupert

Illustrated notes

Levels and vault maps discovered:
D:1:      onia_arrival_handbag, layout_loops_corners, serial_rivers,
          chequers_serial_rivers_room_a, chequers_serial_rivers_micro_d,
          chequers_serial_rivers_large_b, chequers_serial_rivers_small_a,
          chequers_serial_rivers_small_3
D:2:      layout_loops_ring, nicolae_gozag_zags_fifth_avenue,
          serial_bayou_pond_b, uniq_crazy_yiuf_cottage, uniq_robin, uniq_natasha
D:3:      layout_rooms, cheibriados_altar_1
D:4:      layout_loops_ring, lemuel_zombie_altar_yredelemnul,
          okawaru_ov_weapons_minmay, uniq_menkaure, uniq_sigmund, uniq_edmund
D:5:      layout_cave_pools, kiku_gazebo_pond_becter, gammafunk_ghost_icy,
          minmay_a_box_with_orc_wizards_in_it
D:6:      layout_loops_ring, serial_shops, shop, serial_bayou,
          serial_bayou_ford_a, serial_bayou_crossing, serial_bayou_lagoon_a,
          serial_bayou_pond_b
D:7:      layout_rooms, minmay_temple_entry_antechambers, basic_altar,
          uniq_harold, uniq_pikel
D:8:      layout_gridville, nicolae_overflow_hidden_temple, bloody_trog,
          kennysheep_mini, hellmonk_ghost_happy_afterlife, grunt_ogre_cave,
          nicolae_dithmenos_the_darkroom
D:9:      layout_cave_pools, serial_shops, shop, minivault_16
D:10:     layout_small_grid, serial_shops, shop
D:11:     layout_irregular_city, erik_lair_island
D:12:     layout_roguey, david_orc_2
D:13:     layout_rooms, uniq_rupert, uniq_azrael, uniq_kirke

Skill      XL: |  1  2  3  4  5  6  7  8  9 10 11 12 |
---------------+-------------------------------------+-----
Axes           | 4 5 6 7 8 9 11 13 16 18 21 22 | 22.5
Armour         | 3 6 |  6.3
Fighting       | |  3.6
Dodging        | |  2.5

Action                   |  1- 3 |  4- 6 |  7- 9 | 10-12 || total
-------------------------+-------+-------+-------+-------++-------
Melee: Hand axe          |    97 |   105 |       |       ||   202
       Headbutt          |     4 |    25 |    39 |   112 ||   180
       War axe           |       |    29 |   221 |   224 ||   474
       Battleaxe         |       |       |       |   129 ||   129
       Executioner's axe |       |       |       |    20 ||    20
Throw: Boomerang         |       |     5 |       |       ||     5
       Dart              |       |    11 |    22 |    96 ||   129
Invok: Trog's Hand       |       |     1 |     2 |     1 ||     4
       Berserk           |       |     1 |     2 |     7 ||    10
       Brothers in Arms  |       |       |       |     1 ||     1
Evoke: Wand              |       |       |       |     4 ||     4
  Use: Potion            |     5 |     3 |     7 |     2 ||    17
       Scroll            |       |       |    12 |     5 ||    17
 Stab: Invisible         |       |     1 |       |       ||     1
Armor: Animal skin       |     9 |       |       |       ||     9
       Ring mail         |    19 |    57 |       |       ||    76
       Scale mail        |       |       |    86 |     3 ||    89
       Plate armour      |       |       |       |   157 ||   157
Dodge: Dodged            |    65 |    92 |    86 |   110 ||   353
Block: Other             |       |       |    33 |    56 ||    89
       Reflection        |       |       |       |     5 ||     5

Table legend: (Time is in decaauts)
 A = Elapsed time spent in this place.
 B = Non-inter-level travel time spent in this place.
 C = Inter-level travel time spent in this place.
 D = Time resting spent in this place.
 E = Time spent auto-exploring this place.
 F = Levels seen in this place.
 G = Mean time per level.
                   A        B        C        D        E       F      G
               +--------+--------+--------+--------+--------+-----+--------+
         Total |  13137 |  12795 |    342 |     29 |  10724 |  13 | 1010.5 |
       Dungeon |  13137 |  12795 |    342 |     29 |  10724 |  13 | 1010.5 |
               +--------+--------+--------+--------+--------+-----+--------+

Top non-repeatable levels by time:
     D:4: 1522 daAuts
    D:12: 1469 daAuts
     D:1: 1418 daAuts
    D:10: 1399 daAuts
     D:2: 1321 daAuts
     D:5: 1044 daAuts
     D:6: 945 daAuts
     D:9: 864 daAuts
    D:11: 793 daAuts
     D:7: 714 daAuts
     D:8: 680 daAuts
     D:3: 675 daAuts
    D:13: 287 daAuts
